← All builds
Front / Cortex / Economy first / OBSERVED BUILD

Brute assault

Cortex Front build order · Supreme Isthmus

Vehicle Plant into early raid support, then Brute-led T1 vehicle assault pushed to middle from around 2:20, far earlier than the role norm, aiming to fight into the enemy base rather than just hold the line.

#push #raid · 25 distinct matches · 17 players · 3% of Cortex Front games · team won 68% of 25 · Recently observed

THE CATCH, AND WHAT COMES WITH IT
  • BruteT1 vehicle assault from 2:20 · 3% of role by thenFrom the Vehicle Plant. Only 3% of Front games have it by then; others who build it get it around 8:48
  • Vehicle PlantVehicle Plant in 96%20% of all Front games by then
  • RascalRascal in 92%20% of all Front games by then
  • BruteBrute in 76%3% of all Front games by then
  • WolverineWolverine in 56%13% of all Front games by then

Started with Brute (88%), Garpike (12%).

Where those units first fight, in 25 games with kill data: in the middle 92%, on their own side 8%.

Those units destroy a typical 3,174 metal of enemy units by 15:00.

HOW TO PLAY IT

Key timing: Brute by 8:47

  1. Open triple mex into Vehicle Plant by 0:48.
  2. Send Rascal raiders out immediately to harass.
  3. Bring Wolverine arty up alongside the advancing line.
  4. Commit Brute as the main assault spearhead into middle.
  5. Reclaim the Vehicle Plant and shift into T2 constructor.

Phase by phase

TYPICAL OF ITS 25 GAMES · AGAINST STANDARD FRONT
  1. 1
  2. 2
  3. 3
  4. 4
PLAY THE OPENING

Follow the example game's first 6:00 step by step: what to build now, what comes next, and where it goes. At 1× it keeps pace with your own game.

  1. 1

    Up to the Vehicle Plant

    Economy
    • Metal Extractor2Mex
    Order
    1. Vehicle PlantVehicle Plant after 2 mexdone ~0:48, middle half 0:41–0:58

    Some games also: wind (40%)

    By 0:29 in all: 2 mex

    The example game in this phase · 15 steps
    1. Mex ×2
    2. Wind ×2
    3. Bot LabBot Labdone 0:46 · typical 10:49
    4. GruntGrunt ×4
    5. Construction BotCon bot
    6. GraverobberGraverobber
    7. Construction BotCon bot
    8. Mex
    9. ThugThug
    10. Mex
    11. GuardGuard
    12. ThugThug ×3
    13. GuardGuard
    14. ThugThug
    15. Vehicle PlantVehicle Plantdone 3:07 · typical 0:48
  2. 2

    Vehicle Plant to T1 vehicle assault

    Economy
    • Metal Extractor1Mex
    • Wind Turbine2Wind
    Order
    1. BruteT1 vehicle assault after 4 mex, 3 wind
    Builders
    • Construction Vehicle2 Con vehicle +2 vs standard
    Army
    • Rascal2 Rascal +2 vs standard
    • Incisor1 Incisor

    The standard build makes here, this one skips: 2 con bot · 3 grunt · 3 thug

    By 2:20 in all: 4 mex · 3 wind

    The example game in this phase · 36 steps
    1. Construction BotCon bot
    2. Mex
    3. PounderPounder
    4. AggravatorAggravator
    5. Wind
    6. WolverineWolverine
    7. Wind
    8. Mex ×2
    9. WolverineWolverine
    10. Wind
    11. IncisorIncisor ×2
    12. Bot LabEat Bot Labreclaimed for its metal
    13. Wind
    14. IncisorIncisor
    15. Wind
    16. IncisorIncisor ×2
    17. Con turret
    18. Wind
    19. IncisorIncisor
    20. Wind
    21. IncisorIncisor ×2
    22. Wind
    23. Con turret
    24. Wind
    25. IncisorIncisor
    26. Con turret
    27. IncisorIncisor
    28. Wind ×2
    29. IncisorIncisor ×4
    30. Wind
    31. IncisorIncisor
    32. Wind
    33. IncisorIncisor ×5
    34. Wind ×2
    35. IncisorIncisor ×3
    36. BruteBrutedone 6:25
  3. 3

    T1 vehicle assault to 5:00

    Economy
    • Metal Extractor2Mex
    • Wind Turbine3Wind
    Army
    • Guard1 Guard
    • Brute5 Brute +5 vs standard

    Some games also: con vehicle (40%)

    The standard build makes here, this one skips: 6 thug · 5 aggravator

    By 5:00 in all: 6 mex · 7 wind (standard 4)

  4. 4

    5:00 to Bot Lab

    Economy
    • Metal Extractor1Mex
    • Wind Turbine17Wind−6 vs standard
    • Energy Storage1Energy storage
    Order
    1. Bot LabBot Lab after 7 mex, 21 wind, 4 con turretdone ~10:49, middle half 6:37–12:32
    Builders
    • Construction Turret3 Con turret
    • Construction Vehicle1 Con vehicle
    Army
    • Guard1 Guard
    • Brute10 Brute +10 vs standard

    Some games also: Radar Tower (36%) · rascal (32%) · Twin Guard (32%) · eat Vehicle Plant (44%)

    The standard build makes here, this one skips: 2 Graverobber · 2 con bot · 14 grunt

    By 11:20 in all: 7 mex · 26 wind · 1 energy storage · 4 con turret

    The example game in this phase · 69 steps
    1. BruteBrute
    2. Wind
    3. BruteBrute
    4. Con turret
    5. BruteBrute
    6. Advanced Metal ExtractorT2 mex ×2done 7:28
    7. Construction VehicleCon vehicle
    8. Wind ×4
    9. Advanced Metal ExtractorT2 mex
    10. BruteBrute ×2
    11. Wind
    12. BruteBrute
    13. Wind
    14. BruteBrute ×2
    15. Wind
    16. BruteBrute ×2
    17. Wind
    18. BruteBrute
    19. Wind
    20. BruteBrute
    21. Advanced Metal ExtractorT2 mex
    22. BruteBrute
    23. Wind
    24. BruteBrute
    25. Wind
    26. BruteBrute
    27. SAMSAM
    28. Wind
    29. BruteBrute
    30. Wind ×2
    31. BruteBrute ×2
    32. Wind
    33. BruteBrute
    34. Advanced Metal ExtractorT2 mex
    35. BruteBrute
    36. Wind
    37. BruteBrute ×2
    38. Wind
    39. Con turret
    40. Wind
    41. Con turret
    42. Wind
    43. Con turret
    44. Advanced Bot LabAdvanced Bot Labdone 12:26
    45. Wind ×3
    46. Advanced Metal ExtractorT2 mex
    47. Wind ×6
    48. Vehicle PlantEat Vehicle Plantreclaimed for its metal
    49. NemesisNemesis
    50. Wind ×3
    51. MammothMammothdone 13:17
    52. Wind ×2
    53. Advanced Metal ExtractorT2 mex
    54. Wind ×7
    55. AugurRadar bot
    56. Wind
    57. DeceiverJammer bot
    58. Wind ×2
    59. BirdshotBirdshot
    60. Wind ×6
    61. Fusion ReactorFusiondone 14:48
    62. SpectreSpectre
    63. Wind ×4
    64. ManticoreManticoredone 14:51
    65. Wind ×2
    66. Fusion ReactorFusion
    67. Wind
    68. SpectreSpectre
    69. Con turret

Counts are medians over the build's games: half of them build more, half fewer. The example game is Seiffre's (31 OS, 10/08/2026); pick another.

Team trades

IN AT LEAST 30% OF ITS GAMES

You hand over

Nothing regular.

You get

  • Tidal Generator4 Tidal from Pondfirst at 0:17 · in 32% of games
  • Tidal Generator4 Tidal from Pondfirst at 0:24 · in 64% of games
  • Advanced Construction Bot1 T2 con bot from Geo or Techfirst at 7:49 · in 60% of games

How it plays out

Typical game of this build against the role’s standard build, running totals by minute

  • This build
  • Standard front

Metal produced

010k20k30k
0:005:0010:0015:00

metal

Enemy metal destroyed

05k10k15k
0:005:0010:0015:00

metal

Own metal lost

05k10k
0:005:0010:0015:00

metal

25 games.

Show as table
ByMetal produced: This buildMetal produced: Standard frontEnemy metal destroyed: This buildEnemy metal destroyed: Standard frontOwn metal lost: This buildOwn metal lost: Standard front
1:003313310000
2:00859856420260
3:00160116271081047886
4:0027752711313389282341
5:0039843853767921623839
6:0052725109126815899081556
7:00646363951843237220172474
8:00802077262576312527783385
9:00945091513202383734854291
10:0011115107983570453840795079
11:0013010126425003520552075987
12:0015540145085870569060756925
13:0017931168146757620664957630
14:0020522189697227666374778539
15:00232242063210526725785429305
WHAT THE NUMBERS SAY

Won slightly less than the standard Front build but destroyed far more enemy metal while losing much less.

  • + Destroys 3223 metal by 15:00, far above standard's losses ratio
  • + Own losses much lower, 9023 vs 9422 by 15:00
  • − Enemy metal destroyed by 5:00 trails standard, 701 vs 922
  • − Win rate dips to 44% vs standard's 45% is close but not better
THE EXAMPLE YOU ARE READING

Seiffre

31.2 OS · 10/08/2026

Open source match ↗

5 received units · includes a constructor
492 metal received · 30443 energy received

Allied construction assistance is unknown. Timings are observations, not a promise of solo reproducibility.

Typical milestones

Vehicle Plant0:48Middle 50%: 0:41–0:58 · n=25
Advanced Metal Extractor9:48Middle 50%: 8:49–9:56 · n=19
Bot Lab10:49Middle 50%: 6:37–12:32 · n=14

Played most by

EpicTyrannus4games of this buildCommandoMan3games of this build[Crd]Claps2games of this buildChancho2games of this buildHummell2games of this build